 Dungeon Crawl Stone Soup version 0.28-a0-503-g83f2989fac (webtiles) character file.

Game seed: 13363657859745738266

3767 wkkw the Geomancer (level 10, -3/58 HPs)
             Began as a Gargoyle Earth Elementalist on Sept 20, 2021.
             Was a Follower of Vehumet.
             Slain by Erica (15 damage)
             ... on level 8 of the Dungeon.
             The game lasted 00:21:23 (10245 turns).

wkkw the Geomancer (Gargoyle Earth Elementalist)   Turns: 10245, Time: 00:21:23

Health: -3/58      AC: 12    Str: 12    XL:     10   Next: 16%
Magic:  15/19      EV: 13    Int: 19    God:    Vehumet [*.....]
Gold:   731        SH:  0    Dex: 16    Spells: 15/21 levels left

rFire   . . .      SeeInvis .   o - +0 rapier
rCold   . . .      Faith    .   (no shield)
rNeg    + . .      Spirit   .   b - +0 robe
rPois   ∞          Reflect  .   (no helmet)
rElec   +          Harm     .   f - +0 cloak
rCorr   .          Rampage  .   (no gloves)
Will    +....                   (no boots)
Stlth   ++........              (no amulet)
HPRegen 0.00/turn               h - +6 ring of dexterity
MPRegen 0.16/turn               y - ring of willpower

@: inhibited regen, unable to read
A: sickness immunity, AC +7, negative energy resistance 1, electricity
resistance, torment resistance 1, petrification resistance, iridescent scales 1,
inhibited regeneration, inability to read while threatened
a: Renounce Religion


You were on level 8 of the Dungeon.
You worshipped Vehumet.
Vehumet was aware of your devotion.
You visited 2 branches of the dungeon, and saw 9 of its levels.

You collected 731 gold pieces.

Inventory:

Hand Weapons
 i - a +0 flail
 o - a +0 rapier (weapon)
 p - a +2 dagger of speed
 s - a +1 short sword of speed
Missiles
 c - 16 stones
 d - a throwing net
 v - 6 curare-tipped darts
Armour
 b - a +0 robe (worn)
 f - a +0 cloak (worn)
Jewellery
 h - a +6 ring of dexterity (left hand)
 r - a ring of fire
 y - a ring of willpower (right hand)
Wands
 u - a wand of flame (27)
Scrolls
 j - 7 scrolls of teleportation
Potions
 a - a potion of brilliance
 g - a potion of curing
 k - 3 potions of attraction
 l - a potion of magic
 m - 2 potions of flight
 n - 2 potions of might
 x - a potion of lignification {unknown}


   Skills:
 + Level 4.4 Fighting
 + Level 4.0 Maces & Flails
 + Level 4.2 Armour
 + Level 3.6 Dodging
 - Level 2.1 Stealth
 + Level 6.3 Spellcasting
 + Level 6.6 Conjurations
 - Level 0.7 Transmutations
 + Level 8.8 Earth Magic
 + Level 2.2 Evocations


You had 15 spell levels left.
You knew the following spells:

 Your Spells              Type           Power      Damage    Failure   Level
a - Sandblast             Erth           78%        2d17      1%          1
b - Stone Arrow           Conj/Erth      70%        3d11      1%          3
c - Passwall              Tmut/Erth      20%        N/A       2%          2

Your spell library contained the following spells:

 Spells                   Type           Power      Damage    Failure   Level
 Shock                    Conj/Air       72%        1d7       2%          1
 Pain                     Necr           24%        1d5       11%         1
 Summon Small Mammal      Summ           24%        N/A       11%         1
 Wereblood                Tmut           8%         N/A       12%         2
 Petrify                  Tmut/Erth      24%        N/A       16%         4
 Call Canine Familiar     Summ           6%         N/A       32%         3
 Gell's Gravitas          Tloc           3%         N/A       32%         3
 Lesser Beckoning         Tloc           6%         N/A       32%         3
 Summon Guardian Golem    Hex/Summ       6%         N/A       32%         3
 Teleport Other           Tloc           6%         N/A       32%         3
 Agony                    Necr           6%         N/A       96%         5
 Excruciating Wounds      Necr           3%         N/A       96%         5
 Summon Hydra             Summ           3%         N/A       100%        7
 Sublimation of Blood     Necr           Unusable   N/A       N/A         2

Dungeon Overview and Level Annotations

Branches:
Dungeon (8/15)             Temple (1/1) D:6
   Lair: D:8-11

Altars:
Sif Muna
Vehumet
Wu Jian

Shops:
D:5 *

Annotations:
D:4 Edmund
D:8 Erica


Innate Abilities, Weirdness & Mutations

You are immune to sickness and miasma.
Your stone body is resilient. (AC +7)
You are immune to poison.
You resist negative energy. (rN+)
You are resistant to electric shocks. (rElec)
You are resistant to unholy torment.
You are immune to petrification.
You are partially covered in iridescent scales. (AC +2)
You do not regenerate when monsters are visible.
You sometimes lose the ability to read scrolls when taking damage.


Message History

Your magical contamination has completely faded away.
You flicker back into view.
Your resistance to elements expires.
The centaur shoots an arrow.
The arrow hits you but does no damage.
It was a potion of heal wounds.
You feel much better.
The centaur unwields a +0 shortbow.
The centaur barely misses you.
The centaur kicks you but does no damage.
Casting: Stone Arrow (safe; 1% risk of failure)
Confirm with . or Enter, or press ? or * to list all spells.
Aiming: Stone Arrow (safe; 1% risk of failure)
Press: ? - help, Shift-Dir - straight line, f - centaur
Aim: a centaur, quivering arrows (84% to hit)
The stone arrow hits the centaur!!
The centaur is almost dead.
The centaur completely misses you.
The centaur kicks you but does no damage.
Casting: Stone Arrow (safe; 1% risk of failure)
Confirm with . or Enter, or press ? or * to list all spells.
Aiming: Stone Arrow (safe; 1% risk of failure)
Press: ? - help, Shift-Dir - straight line, f/p - centaur
Aim: a centaur, quivering arrows (almost dead, 84% to hit)
The stone arrow hits the centaur!!
You kill the centaur!
Vehumet accepts your kill.
You feel your power returning.
You barely miss something.
You hear some strange, mumbled words.
You are confused.
You bump into the rock wall.
Something hits you! Something burns you.
You bump into the rock wall.
Something hits you but does no damage.
You bump into the rock wall.
Something hits you.
* * * LOW HITPOINT WARNING * * *
Something burns you.
* * * LOW HITPOINT WARNING * * *
You closely miss something. Something hits you!
* * * LOW HITPOINT WARNING * * *
Something burns you.
* * * LOW HITPOINT WARNING * * *
Unknown command.
You feel better. Something hits you!
You die...

###........##.# ..
>..........##.######.#
##.####'#####........#.
#.#####.c.....[..
#.##.........#
#.##.##c...#.#
#.##.........#
.#.####.##..###.#..#
.(.....@)...# #.......
.#.####.###.# ########
#.# #.# ... ..# ####
###


There were no monsters in sight!

Vanquished Creatures
  A hornet (D:7)
  Eustachio (D:6)
  A steam dragon (D:7)
  2 water moccasins
  3 sky beasts
  3 ice beasts (D:7)
  A black bear (D:6)
  3 ogres
  3 centaurs
  2 phantoms (D:5)
  2 gnoll sergeants
  A bullfrog (D:7)
  A wyvern zombie (D:7)
  A water moccasin zombie (D:7)
  4 scorpions
  A wyvern skeleton (D:5)
  A water moccasin skeleton (D:5)
  4 killer bees (D:7)
  A howler monkey (D:5)
  2 centaur zombies
  A bullfrog zombie (D:5)
  A centaur skeleton (D:7)
  3 jellies
  An orc priest (D:6)
  A bullfrog skeleton (D:5)
  3 hounds
  Crazy Yiuf (D:4)
  7 iguanas
  An orc wizard (D:5)
  2 killer bee zombies (D:6)
  A hound zombie (D:5)
  A hound skeleton (D:4)
  8 gnolls
  A howler monkey zombie (D:5)
  5 adders
  3 howler monkey skeletons
  A shadow imp (D:6)
  2 white imps (D:6)
  An ufetubus (D:6)
  An adder zombie (D:5)
  An adder skeleton (D:3)
  2 worms (D:2)
  A dart slug (D:3)
  22 orcs
  9 ball pythons
  3 endoplasms
  2 giant cockroaches
  13 goblins
  9 hobgoblins
  2 quokkas
  2 bats (D:1)
  A frilled lizard (D:1)
  5 kobolds
  5 rats
160 creatures vanquished.

Vanquished Creatures (others)
  A fungus (D:4)
  A plant (D:5)
2 creatures vanquished.

Grand Total: 162 creatures vanquished

Notes
Turn   | Place    | Note
-------+----------+-------------------------------------------
     0 | D:1      | wkkw the Gargoyle Earth Elementalist began the quest for
                  | the Orb.
     0 | D:1      | Reached XP level 1. HP: 10/10 MP: 3/3
   169 | D:1      | Reached skill level 4 in Earth Magic
   169 | D:1      | Reached XP level 2. HP: 15/15 MP: 5/5
   619 | D:1      | Reached XP level 3. HP: 7/19 MP: 5/7
   623 | D:1      | Learned a level 3 spell: Stone Arrow
  1023 | D:1      | Found a faded altar of an unknown god.
  1048 | D:1      | Learned a level 2 spell: Passwall
  1872 | D:2      | Reached skill level 1 in Conjurations
  1881 | D:2      | Reached XP level 4. HP: 11/24 MP: 5/8
  2634 | D:3      | Gained mutation: You are partially covered in iridescent
                  | scales. (AC +2) [potion of mutation]
  2634 | D:3      | Gained mutation: You sometimes lose the ability to read
                  | scrolls when taking damage. [potion of mutation]
  2634 | D:3      | Gained mutation: You do not regenerate when monsters are
                  | visible. [potion of mutation]
  2942 | D:3      | Reached skill level 5 in Earth Magic
  3095 | D:3      | Reached XP level 5. HP: 21/28 MP: 7/9
  3629 | D:4      | Noticed Edmund
  3641 | D:4      | Noticed an ogre
  3644 | D:4      | Killed an ogre
  3645 | D:4      | Reached XP level 6. HP: 32/32 MP: 6/11
  4601 | D:4      | Found a runed translucent door.
  4602 | D:4      | Noticed Crazy Yiuf
  4607 | D:4      | Killed Crazy Yiuf
  4608 | D:4      | Reached skill level 6 in Earth Magic
  4685 | D:5      | Entered Level 5 of the Dungeon
  4685 | D:5      | Found an ornate altar of the Wu Jian Council.
  4685 | D:5      | Found a radiant altar of Vehumet.
  4860 | D:5      | Became a worshipper of Vehumet
  4865 | D:5      | Found Aduipn's Mayhem Merchandise.
  4887 | D:5      | Reached XP level 7. HP: 34/36 MP: 10/13
  4994 | D:5      | Found a shimmering blue altar of Sif Muna.
  4998 | D:5      | Reached skill level 7 in Earth Magic
  5015 | D:5      | Reached skill level 5 in Spellcasting
  5409 | D:5      | Reached skill level 5 in Conjurations
  5409 | D:5      | Reached XP level 8. HP: 11/42 MP: 11/15
  5939 | D:5      | Reached skill level 1 in Fighting
  5939 | D:5      | Reached skill level 1 in Armour
  6139 | D:5      | Reached skill level 1 in Maces & Flails
  6751 | D:6      | Found a staircase to the Ecumenical Temple.
  6776 | Temple   | Entered the Ecumenical Temple
  7140 | D:6      | Reached * piety under Vehumet
  7140 | D:6      | Offered knowledge of Shock by Vehumet.
  7376 | D:6      | Reached XP level 9. HP: 32/49 MP: 15/17
  7638 | D:6      | Noticed Eustachio
  7652 | D:6      | Killed Eustachio
  7653 | D:6      | Reached skill level 8 in Earth Magic
  8804 | D:7      | Noticed a hornet
  8808 | D:7      | Killed a hornet
  9147 | D:7      | Reached skill level 1 in Evocations
  9678 | D:7      | Reached XP level 10. HP: 46/56 MP: 15/19
 10222 | D:8      | Noticed Erica
 10244 | D:8      | HP: 1/58 [something (4)]
 10245 | D:8      | Slain by Erica

Illustrated notes

Levels and vault maps discovered:
D:1:      scummos_arrival_hexagon, layout_rooms,
          shapermc_ecumenical_altar_notcrosses, item_on_display_a
D:2:      layout_rooms, minmay_goblin_outpost
D:3:      layout_basic
D:4:      layout_loops_ring, uniq_crazy_yiuf_cottage, uniq_edmund
D:5:      layout_rooms, grunt_temple_overflow_open, kennysheep_doodads,
          chequers_serial_rivers_small_b, corexii_checkpoint_a,
          serial_bayou_ford_a, minmay_shop_mayhem, corner_web_ring,
          minmay_misc_feat_alley, hex_large, minmay_hedge_maze,
          minmay_ruined_shrine
D:6:      minmay_skewed_foursquare, layout_gridville,
          minmay_temple_entry_offerings, uniq_eustachio
D:7:      minmay_polygon_palace, layout_basic, chequers_serial_rivers_micro_d,
          palyth_stone_intersect
D:8:      layout_basic, enter_ossuary_4, uniq_erica
Temple:   dpeg_five_rooms_temple

Skill      XL: |  1  2  3  4  5  6  7  8  9 10 |
---------------+-------------------------------+-----
Earth Magic    | 4 5 6 7 8 |  8.8
Conjurations   | 1 2 3 5 6 |  6.6
Spellcasting   | 3 4 5 6 |  6.3
Fighting       | 2 4 |  4.4
Armour         | 2 4 |  4.2
Maces & Flails | 2 3 4 |  4.0
Dodging        | 2 3 |  3.6
Evocations     | 1 2 |  2.2
Stealth        | |  2.1
Transmutations | |  0.7

Action                   |  1- 3 |  4- 6 |  7- 9 | 10-12 || total
-------------------------+-------+-------+-------+-------++-------
Melee: Unarmed           |     6 |       |       |       ||     6
       Dagger            |    81 |    27 |       |       ||   108
       Rapier            |       |   102 |   143 |    12 ||   257
 Cast: Sandblast         |    24 |    47 |    64 |     1 ||   136
       Passwall          |     2 |       |       |       ||     2
       Stone Arrow       |       |     3 |    34 |    15 ||    52
  Use: Scroll            |       |    10 |     8 |     2 ||    20
       Potion            |       |     1 |       |     8 ||     9
 Stab: Sleeping          |     1 |     3 |     2 |       ||     6
Armor: Robe              |    28 |    65 |   133 |    15 ||   241
Dodge: Dodged            |    55 |    95 |   148 |    12 ||   310

Table legend: (Time is in decaauts)
 A = Elapsed time spent in this place.
 B = Non-inter-level travel time spent in this place.
 C = Inter-level travel time spent in this place.
 D = Time resting spent in this place.
 E = Time spent auto-exploring this place.
 F = Levels seen in this place.
 G = Mean time per level.
                   A        B        C        D        E       F      G
               +--------+--------+--------+--------+--------+-----+--------+
         Total |  10312 |   9973 |    339 |    812 |   7580 |   9 | 1145.8 |
       Dungeon |  10310 |   9971 |    339 |    812 |   7580 |   8 | 1288.8 |
        Temple |      1 |      1 |      0 |      0 |      0 |   1 |    1.0 |
               +--------+--------+--------+--------+--------+-----+--------+

Top non-repeatable levels by time:
     D:6: 2012 daAuts
     D:5: 1777 daAuts
     D:1: 1598 daAuts
     D:4: 1466 daAuts
     D:7: 1462 daAuts
     D:2: 1030 daAuts
     D:3: 746 daAuts
     D:8: 217 daAuts
  Temple: 1 daAuts
